 Dungeon Crawl Stone Soup version 0.24.0-123-gd5b16e6ec5 (webtiles) character file.

Game seed: 16010592779471663083, levelgen mode: deterministic

42 Rinner the Sneak (level 3, 0/14 HPs)
             Began as a Felid Summoner on Jan 21, 2020.
             Slain by an ooze (3 damage)
             ... on level 3 of the Dungeon.
             The game lasted 00:29:57 (1690 turns).

Rinner the Sneak (Felid Summoner)                   Turns: 1690, Time: 00:29:58

Health: 0/14       AC:  1    Str:  4    XL:     3   Next: 33%
Magic:  2/7        EV: 18    Int: 17    God:
Gold:   36         SH:  0    Dex: 16    Spells: 3/6 levels left
                                        Lives:  0   Deaths: 0

rFire    . . .     SeeInvis +   (weapon unavailable)
rCold    . . .     Gourm    .   (shield unavailable)
rNeg     . . .     Faith    .   (armour unavailable)
rPois    .         Spirit   .   (helmet unavailable)
rElec    .         Reflect  .   (cloak unavailable)
rCorr    .         Harm     .   (gloves unavailable)
MR       .....                  (boots unavailable)
Stlth    +++.......             (no amulet)
HPRegen  0.04/turn              (no ring)
MPRegen  0.10/turn              (no ring)

@: very slightly contaminated, quick
A: very small, no armour, no weapons or thrown items, stealth, claws 1, fangs 3,
see invisible, carnivore, speed 1, shaggy fur 1, slow metabolism 1, sharp paws
a: no special abilities


You were on level 3 of the Dungeon.
You were very full.

You visited 1 branch of the dungeon, and saw 3 of its levels.

You collected 36 gold pieces.

Inventory:

Hand Weapons
 a - a +0 hunting sling
 c - a +0 dagger
 f - a +0 hand axe
 g - a +0 whip
 h - a +0 whip
 j - a +0 dagger
 l - a +2 rapier of electrocution
Missiles
 d - 5 boomerangs
Armour
 i - a +0 leather armour
Scrolls
 e - a scroll of identify {unknown}
Potions
 k - a potion of degeneration {unknown}
Comestibles
 b - 4 rations


   Skills:
 + Level 0.1 Fighting
 + Level 3.1 Dodging
 * Level 4.4 Stealth
 + Level 0.6 Unarmed Combat
 - Level 2.1 Spellcasting
 - Level 4.1 Summonings


You had 3 spell levels left.
You knew the following spells:

 Your Spells              Type           Power        Failure   Level  Hunger
a - Summon Small Mammal   Summ           ###.         3%          1    #......
b - Call Imp              Summ           ###.....     5%          2    ###....

Your spell library contained the following spells:

 Spells                   Type           Power        Failure   Level  Hunger
 Call Canine Familiar     Summ           ###.....     11%         3    ###....
 Summon Guardian Golem    Hex/Summ       #.......     24%         3    ###....
 Summon Ice Beast         Ice/Summ       #.......     63%         4    #####..
 Summon Lightning Spire   Summ/Air       #.......     63%         4    #####..


Dungeon Overview and Level Annotations

Branches:
Dungeon (3/15)

Altars:


Innate Abilities, Weirdness & Mutations

You cannot wear armour.
You are incapable of wielding weapons or throwing items.
Your paws allow you to move quietly. (Stealth)
You have sharp claws.
You have razor-sharp teeth.
You have supernaturally acute eyesight. (SInv)
You are carnivorous and can eat meat at any time.
You cover ground quickly.
You are covered in fur. (AC +1)
You have a slow metabolism.
Your sharp claws are effective at attacking unaware monsters.


Message History

Your white imp closely misses the rat.
The ooze misses you.
Your crimson imp blinks!
The rat barely misses you.
You scratch the rat but do no damage.
The rat is severely wounded.
Your white imp hits the rat.
The rat dies!
The ooze hits you.
* * * LOW HITPOINT WARNING * * *
Your crimson imp hits the ooze.
The ooze misses you. The ooze misses you.
Your crimson imp hits the ooze but does no damage.
You see here a rat corpse.
Your white imp hits the ooze but does no damage.
Your crimson imp hits the ooze.
Your white imp gestures at the ooze.
The puff of frost hits the ooze!
The ooze dies!
The ooze hits you.
You die...

##. #######.!..>....#
... .##............##
...# ##....###.........#
#.. ##......r..........#
#.##..................#
#.....#.........(.....#
###....### #)5†5.....#
#........######.J.....##
##.##.###.......@.....##
#.....# ########.###.##
..#.### #.# .# ###># #..
.# # #.# ##########.# l
###.####....(.# §♣ .
..#.##...###### ^^
#.#....### .♣ #....###


You could see an ooze, a quokka (sleeping), a friendly crimson imp and a
friendly white imp.

Vanquished Creatures
  A worm (D:3)
  An orc (D:3)
  A ball python (D:1)
  2 bats (D:1)
  A giant cockroach (D:3)
  4 goblins (D:1)
  2 hobgoblins (D:1)
  A frilled lizard (D:1)
  3 kobolds
  4 rats (D:1)
20 creatures vanquished.

Vanquished Creatures (collateral kills)
  An adder (D:2)
  An ooze (D:3)
  A worm (D:3)
  An orc (D:3)
  3 bats
  2 hobgoblins
  2 frilled lizards (D:3)
  A kobold (D:3)
  A rat (D:3)
13 creatures vanquished.

Grand Total: 33 creatures vanquished

Notes
Turn   | Place    | Note
-------+----------+-------------------------------------------
     0 | D:1      | Rinner the Felid Summoner began the quest for the Orb.
     0 | D:1      | Reached XP level 1. HP: 7/7 MP: 4/4
   272 | D:1      | Reached XP level 2. HP: 8/11 MP: 6/6
   282 | D:1      | Learned a level 2 spell: Call Imp
  1279 | D:2      | You fall into a shaft and drop 1 floor!
  1356 | D:3      | Reached XP level 3. HP: 5/14 MP: 0/7
  1690 | D:3      | Slain by an ooze

Levels and vault maps discovered:
D:1:      tarquinn_simple_flora_water_e, layout_loops_ring
D:2:      layout_basic, lemuel_round_altar, nicolae_overflow_hidden_temple,
          first_ration, minmay_distorted
D:3:      layout_rooms, xom_redecorated, nicolae_overflow_crystal_walls

Skill      XL: |  1  2  3 |
---------------+----------+-----
Stealth        | 3 4 |  4.4
Dodging        | 3 |  3.1
Fighting       | |  0.1
Unarmed Combat | |  0.6
Spellcasting   | |  2.1
Summonings     | |  4.1

Action                   || total
-------------------------++-------
Melee: Unarmed           ||    69
       Bite              ||     6
 Cast: Call Imp          ||    14
  Use: Scroll            ||     2
       Potion            ||     1
 Stab: Sleeping          ||     8
  Eat: Chunk             ||     9
Armor: Skin              ||     6
Dodge: Dodged            ||    82
